 Dungeon Crawl Stone Soup version 0.22-a0-422-g9628fc8 (webtiles) character file.

50 Falco the Charlatan (level 3, 0/17 HPs)
             Began as a Spriggan Artificer on May 19, 2018.
             Succumbed to an adder's poison
             ... on level 2 of the Dungeon.
             The game lasted 00:06:30 (1349 turns).

Falco the Charlatan (Spriggan Artificer)            Turns: 1349, Time: 00:06:31

Health: 0/17       AC:  2    Str:  9    XL:     3   Next: 55%
Magic:  7/7        EV: 18    Int: 12    God:
Gold:   103        SH:  0    Dex: 16    Spells: 2/2 levels left

rFire    . . .     SeeInvis +   a - +0 short sword
rCold    . . .     Gourm    .   (shield restricted)
rNeg     . . .     Faith    .   b - +0 robe
rPois    .         Spirit   .   (helmet restricted)
rElec    .         Reflect  .   (no cloak)
rCorr    .         Harm     .   (gloves unavailable)
MR       .....                  (boots unavailable)
Stlth    ++........             (no amulet)
HPRegen  0.05/turn              (no ring)
MPRegen  0.10/turn              (no ring)

@: lethally poisoned (0 -> -7), very quick
A: very small, unfitting armour, see invisible, herbivore, speed 3, slow
metabolism 2
a: no special abilities


You were on level 2 of the Dungeon.
You were not hungry.

You visited 1 branch of the dungeon, and saw 2 of its levels.

You collected 103 gold pieces.

Inventory:

Hand Weapons
 a - a +0 short sword (weapon)
Missiles
 n - 16 poisoned needles
Armour
 b - a +0 robe (worn)
Wands
 c - a wand of flame (13)
 d - a wand of enslavement (9)
 e - a wand of random effects (15)
Scrolls
 g - 8 scrolls of identify {unknown}
 i - a scroll of teleportation {unknown}
 l - a scroll of fear {unknown}
 m - a scroll of noise {unknown}
 p - a scroll of amnesia {unknown}
Potions
 h - a potion of curing {unknown}
 j - a potion of mutation {unknown}
 k - a potion of agility {unknown}
 o - a potion of ambrosia {unknown}
 q - 2 potions of brilliance {unknown}
Comestibles
 f - 4 rations


   Skills:
 + Level 0.8 Fighting
 + Level 2.2 Short Blades
 + Level 3.3 Dodging
 + Level 2.5 Stealth
 + Level 5.1 Evocations


You had 2 spell levels left.
You didn't know any spells.
Your spell library was empty.

Dungeon Overview and Level Annotations

Branches:
Dungeon (2/15)

Altars:
Hepliaklqana


Innate Abilities, Weirdness & Mutations

You are very small and have problems with some larger weapons.
You are too small for most types of armour.
You have supernaturally acute eyesight. (SInv)
You are a herbivore.
You cover ground extremely quickly.
You need to consume almost no food.


Message History

The adder is lightly wounded.
The adder closely misses you. The adder bites you.
You are poisoned.
The adder poisons you!
You hit the adder.
The adder is moderately wounded.
You feel sick. The adder misses you.
You hit the adder.
The adder is severely wounded.
The adder closely misses you.
You barely miss the adder.
The adder is severely wounded.
The adder bites you.
* * * LOW HITPOINT WARNING * * *
You are more poisoned.
The adder poisons you! The adder bites you.
* * * LOW HITPOINT WARNING * * *
You hit the adder.
You kill the adder!
You die...

.. (.# . #. ..# .. ##. ..##
... .. ... ....##.#..#
###.>..h..# #.# ...
......sKh.# #.#...# # #†#
#.#...#.# #@# ##.#...#.#
####.#### .........#
#.......# .#.......#
#.##.##.# .#.##.##.## #
#.##.###### .........##.#
#.........#
.#.##S>.......#####.####...#
.#.##.##............# #
.÷÷##..........#.####


You could see a scorpion, 2 jackals and a kobold.

Vanquished Creatures
  2 adders (D:2)
  A dart slug (D:2)
  A leopard gecko (D:1)
  6 bats
  2 goblins (D:1)
  3 hobgoblins (D:1)
  2 jackals (D:2)
  A frilled lizard (D:1)
  3 kobolds (D:2)
  2 rats
23 creatures vanquished.

Vanquished Creatures (collateral kills)
  An adder (D:2)
  A hobgoblin (D:2)
  4 jackals (D:2)
  A kobold (D:2)
  A frilled lizard (D:2)
8 creatures vanquished.

Grand Total: 31 creatures vanquished

Notes
Turn   | Place    | Note
-------+----------+-------------------------------------------
     0 | D:1      | Falco the Spriggan Artificer began the quest for the Orb.
     0 | D:1      | Reached XP level 1. HP: 9/9 MP: 4/4
   240 | D:1      | Reached XP level 2. HP: 8/14 MP: 6/6
   907 | D:2      | Reached skill level 5 in Evocations
   934 | D:2      | Reached XP level 3. HP: 2/17 MP: 7/7
  1254 | D:2      | Found a hazy altar of Hepliaklqana.
  1324 | D:2      | Noticed a scorpion
  1349 | D:2      | Succumbed to an adder's poison

Vault maps used:
D:1:      minmay_arrival_radiant_lines
D:2:      overflow_temple_1_default, minmay_statues_item

Skill      XL: |  1  2  3 |
---------------+----------+-----
Stealth        | 2 |  2.5
Evocations     | 5 |  5.1
Short Blades   | 2 |  2.2
Fighting       | |  0.8
Dodging        | |  3.3

Action                   || total
-------------------------++-------
Melee: Short sword       ||    80
Evoke: Wand              ||     8
 Stab: Sleeping          ||     4
Armor: Robe              ||    13
Dodge: Dodged            ||    79

Table legend:
 A = Spawn XP
 B = Non-spawn XP
 C = Spawn XP percentage of total XP
 D = Spawn monster count
 E = Non-spawn monster count
 F = Spawn count percentage of total count
 G = Total turns spent on level
                    A         B        C        D         E        F      G
               +---------+---------+-------+---------+---------+-------+---------
         Total |       0 |      72 |   0.0 |       0 |      31 |   0.0 |  1349
               +---------+---------+-------+---------+---------+-------+---------
           D:1 |       0 |      19 |   0.0 |       0 |      10 |   0.0 |   746
           D:2 |       0 |      53 |   0.0 |       0 |      21 |   0.0 |   603
               +---------+---------+-------+---------+---------+-------+---------
